 Dungeon Crawl Stone Soup version 0.23-a0-417-gf02c810438 (webtiles) character file.

53 Nixze the Conjurer (level 3, 0/28 HPs)
             Began as a Deep Elf Conjurer on Nov 11, 2018.
             Slain by a scorpion (5 damage)
             ... on level 2 of the Dungeon.
             The game lasted 00:05:59 (2025 turns).

Nixze the Conjurer (Deep Elf Conjurer)              Turns: 2025, Time: 00:06:00

Health: 0/28       AC: 21    Str:  5    XL:     3   Next: 64%
Magic:  10/10      EV:  2    Int: 20    God:
Gold:   77         SH:  0    Dex: 15    Spells: 9/10 levels left

rFire    . . .     SeeInvis .   f - +1 dagger (flame)
rCold    . . .     Gourm    .   (no shield)
rNeg     + + +     Faith    .   (armour currently unavailable)
rPois    +         Spirit   .   (helmet currently unavailable)
rElec    .         Reflect  .   (cloak currently unavailable)
rCorr    .         Harm     .   (gloves currently unavailable)
MR       .....     NoTele   +   (boots currently unavailable)
Stlth    ++........             (no amulet)
HPRegen  0.09/turn              (no ring)
MPRegen  0.12/turn              (no ring)

@: lethally poisoned (0 -> -3), tree-form, very slightly contaminated, invisible
A: no striking features
a: no special abilities


You were on level 2 of the Dungeon.
You were not hungry.
You were a tree.
You visited 1 branch of the dungeon, and saw 2 of its levels.

You collected 77 gold pieces.

Inventory:

Hand Weapons
 f - a +1 dagger of flaming (weapon)
Armour
 a - a +0 robe (melded)
 d - a +2 helmet (melded)
Jewellery
 h - an uncursed ring of stealth {unknown}
 k - an uncursed amulet of rage {unknown}
 s - an uncursed ring of protection from fire {unknown}
Scrolls
 b - a scroll of amnesia {unknown}
 e - 5 scrolls of identify {unknown}
 i - a scroll of magic mapping {unknown}
 j - 2 scrolls of enchant weapon {unknown}
 m - a scroll of remove curse {unknown}
 n - 2 scrolls of teleportation {unknown}
 p - a scroll of fear {unknown}
Potions
 g - a potion of cancellation
 r - a potion of brilliance {unknown}
Comestibles
 c - 2 rations


   Skills:
 - Level 2.4 Dodging
 - Level 2.4 Stealth
 + Level 4.4 Spellcasting
 + Level 5.2 Conjurations


You had 9 spell levels left.
You knew the following spells:

 Your Spells              Type           Power        Failure   Level  Hunger
a - Magic Dart            Conj           ####         1%          1    None

Your spell library contained the following spells:

 Spells                   Type           Power        Failure   Level  Hunger
 Searing Ray              Conj           ####..       2%          2    #......
 Dazzling Spray           Conj/Hex       ##....       13%         3    ###....
 Iskenderun's Mystic Bla  Conj           ####....     14%         4    ####...
 Force Lance              Conj/Tloc      ##......     38%         4    ####...
 Fulminant Prism          Conj/Hex       ##........   38%         4    ####...


Dungeon Overview and Level Annotations

Branches:
Dungeon (2/15)

Altars:
Trog
Zin


Message History

The goblin shoots a stone.
The stone completely misses you. The scorpion stings you.
You are lethally poisoned!
The scorpion poisons you!
You feel sick.
It was a potion of cancellation.
You feel magically purged.
* * * LOW HITPOINT WARNING * * *
You feel sick. The scorpion barely misses you.
* * * LOW HITPOINT WARNING * * *
You feel sick.
* * * LOW HITPOINT WARNING * * *
You feel sick.
It was a potion of invisibility.
You fade into invisibility!
The scorpion closely misses you.
You are very lightly contaminated with residual magic.
It was a potion of lignification.
You turn into a tree.
Your +2 helmet melds into your body.
Your +0 robe melds into your body.
Your roots penetrate the ground.
The scorpion stings you.
You die...

..............##.#.#
.....#.#.####.##.#.#
.....#.#.####..#.#.#
.....#...........#.#
.....#....####.(.#.#
.....#...........#[#
####.##...####...#.#
#.#.........#.#...#
##.#########.#.#♣.##
.......g...#.#.#s.#
....######.#.#.#..##
....# #.#.#.#...#
....######.#.#.##..#
...............##..##
...<######.#.#####..#
.....(.((#g#.......>#
.(.........##########


You could see a scorpion.

Vanquished Creatures
  2 adders (D:2)
  2 dart slugs (D:2)
  A leopard gecko (D:2)
  A giant cockroach (D:1)
  5 goblins
  2 hobgoblins (D:1)
  3 jackals (D:2)
  2 kobolds (D:2)
  2 quokkas
  4 bats (D:2)
  2 frilled lizards (D:2)
  2 rats
28 creatures vanquished.

Notes
Turn   | Place    | Note
-------+----------+-------------------------------------------
     0 | D:1      | Nixze the Deep Elf Conjurer began the quest for the Orb.
     0 | D:1      | Reached XP level 1. HP: 10/10 MP: 6/6
   716 | D:2      | Found a glowing silver altar of Zin.
   731 | D:2      | Reached XP level 2. HP: 15/15 MP: 0/8
  1123 | D:2      | Reached skill level 5 in Conjurations
  1123 | D:2      | Reached XP level 3. HP: 19/19 MP: 6/10
  1217 | D:2      | Noticed a scorpion
  1661 | D:2      | Found a bloodstained altar of Trog.
  2025 | D:2      | Slain by a scorpion

Vault maps used:
D:1:      lemuel_arrival_broad_hall
D:2:      marbit_many_paths, zin_statuary

Skill      XL: |  1  2 |
---------------+-------+-----
Spellcasting   | 4 |  4.4
Conjurations   | 5 |  5.2
Dodging        | |  2.4
Stealth        | |  2.4

Action                   || total
-------------------------++-------
Melee: Club              ||     1
 Cast: Magic Dart        ||    63
  Use: Potion            ||     3
  Eat: Chunk             ||     3
Armor: Robe              ||     4
Dodge: Dodged            ||    15

Table legend:
 A = Non-vault XP
 B = Vault XP
 C = Vault XP percentage of total XP
 D = Non-vault monster count
 E = Vault monster count
 F = Vault count percentage of total count
                 A         B        C        D         E       F
            +---------+---------+-------+---------+---------+-------
      Total |      75 |       2 |   2.6 |      27 |       1 |   3.6
            +---------+---------+-------+---------+---------+-------
        D:1 |      11 |       0 |   0.0 |       6 |       0 |   0.0
        D:2 |      64 |       2 |   3.0 |      21 |       1 |   4.5
            +---------+---------+-------+---------+---------+-------
